Bruins vs Wild

Created - February 10 2007 at 12:59

Goals
1 2 3 OT1 SO T
Bruins 2 1 1 0 0 4
Wild 1 2 1 0 1 5
Shots
1 2 3 OT1 SO T
Bruins 6 11 7 1 3 25
Wild 15 11 13 1 3 40

Period #1

1. Wild , Marian Gaborik 19 (Lubomir Visnovsky, Brian Rolston) at 0:36
2. Bruins , Alex Zhamnov 2 (Wayne Primeau, Zdeno Chara) at 10:34
3. Bruins , Shean Donovan 10 (P.J. Axelsson, Sean Avery) at 11:02

Penalities :
Zdeno Chara (BOS) for High sticking (Minor) at 0:39, Zdeno Chara (BOS) for Hooking (Minor) at 3:00, Pavol Demitra (MIN) for Charging (Minor) at 7:35, Martin Skoula (MIN) for Elbowing (Minor) at 11:13

Period #2

4. Bruins , Brad Boyes 13 (Marco Sturm, Paul Mara) at 1:34 (PP)
5. Wild , Alexandre Daigle 6 (Kyle Calder, Keith Carney) at 4:42
6. Wild , Pierre-Marc Bouchard 11 (Todd White) at 4:46

Penalities :
Rod Brind'Amour (MIN) for Interference (Minor) at 0:30, Pavol Demitra (MIN) for High sticking (Minor) at 11:52, Zdeno Chara (BOS) for Boarding (Minor) at 18:58

Period #3

7. Bruins , Marco Sturm 15 (Rostislav Klesla, Brad Boyes) at 8:36 (PP)
8. Wild , Lubomir Visnovsky 7 (Marian Gaborik, Brian Rolston) at 18:43

Penalities :
Jay McKee (BOS) for Checking from behind (Major) at 3:10, Eric Brewer (MIN) for Interference (Minor) at 8:20, Kirk Maltby (BOS) for Delaying the game (Minor) at 9:16, Eric Brewer (MIN) for Charging (Minor) at 11:46, Marian Gaborik (MIN) for Clipping (Minor) at 14:21

Overtime #1

No Goal

Penalities :
No Penalty

Shootout

Penalty Shot by Pavel Datsyuk for Bruins - Stopped by Manny Fernandez
Penalty Shot by Pavol Demitra for Wild - Stopped by Alexander Auld
Penalty Shot by Patrice Bergeron for Bruins - Shot Misses the Net
Penalty Shot by Brian Rolston for Wild - Stopped by Alexander Auld
Penalty Shot by Rick Nash for Bruins - Stopped by Manny Fernandez
Penalty Shot by Marian Gaborik for Wild - Goal!

Penalities :
No Penalty

Goalie Stats

Alexander Auld (BOS), 36 saves from 40 shots - (0.900), OTL, 8-7-4, 65:00 minutes
Manny Fernandez (MIN), 21 saves from 25 shots - (0.840), W, 20-9-1, 65:00 minutes

Players Stats

Bruins
Player Name              G  A  P  +/- PIM S  H  SB FO MP 
-----------------------------------------------------------
Alex Zhamnov             1  0  1   0  0   2  0  0  0  5  
Brad Boyes               1  1  2  -2  0   2  0  0  2  19 
Brian Leetch             0  0  0  -2  0   0  1  1  0  27 
Glen Murray              0  0  0   0  0   1  0  0  1  21 
Jay McKee                0  0  0   0  5   0  0  1  0  19 
Jiri Slegr               0  0  0   0  0   0  0  1  0  17 
Kirk Maltby              0  0  0   0  2   0  1  0  0  6  
Marco Sturm              1  1  2   0  0   3  0  0  0  15 
P.J. Axelsson            0  1  1   0  0   0  0  0  1  15 
Patrice Bergeron         0  0  0   0  0   4  0  1  33 25 
Paul Mara                0  1  1  -2  0   1  2  3  0  24 
Pavel Datsyuk            0  0  0  -2  0   2  0  0  28 21 
Rick Nash                0  0  0  -2  0   4  1  0  3  22 
Rostislav Klesla         0  1  1   0  0   2  0  1  0  22 
Sean Avery               0  1  1   0  0   1  1  0  12 15 
Shean Donovan            1  0  1   0  0   2  1  1  2  15 
Wayne Primeau            0  1  1   0  0   1  0  0  18 12 
Zdeno Chara              0  1  1   0  6   0  1  0  0  24 
Wild
Player Name              G  A  P  +/- PIM S  H  SB FO MP 
-----------------------------------------------------------
Alexandre Daigle         1  0  1   1  0   3  0  0  1  12 
Brian Rolston            0  2  2   1  0   6  0  1  0  26 
Darryl Sydor             0  0  0   0  0   1  0  0  0  20 
Eric Brewer              0  0  0   0  4   0  2  1  0  15 
Gary Roberts             0  0  0   0  0   0  0  0  0  9  
Keith Carney             0  1  1   1  0   0  0  1  0  26 
Kyle Calder              0  1  1   1  0   3  0  0  5  22 
Lubomir Visnovsky        1  1  2   1  0   2  0  1  0  27 
Marian Gaborik           1  1  2   1  2   5  0  0  11 22 
Martin Skoula            0  0  0   1  2   4  0  1  0  25 
Mikael Samuelsson        0  0  0   0  0   1  0  0  0  5  
Nick Schultz             0  0  0   1  0   0  1  0  0  23 
Pascal Dupuis            0  0  0   0  0   2  0  0  1  14 
Pavol Demitra            0  0  0   1  4   2  1  1  31 21 
Pierre-Marc Bouchard     1  0  1   0  0   2  1  0  1  14 
Rod Brind'Amour          0  0  0   1  2   3  0  1  27 26 
Todd White               0  1  1   0  0   5  0  0  15 14 
Wes Walz                 0  0  0   0  0   1  0  0  8  5  

3 Stars

1 - Lubomir Visnovsky (MIN)
2 - Marian Gaborik (MIN)
3 - Marco Sturm (BOS)

Power Play

Bruins - 2 on 7 Attempt(s) - 28.57%
Wild - 0 on 5 Attempt(s) - 0.00%

Penalty Kill

Bruins - 5 on 5 Attempt(s) - 100.00% - Score 0 goal in Penalty Kill
Wild - 5 on 7 Attempt(s) - 71.43% - Score 0 goal in Penalty Kill

Game Notes

No Game Note

Finance

Level 1 -- Attendance: 4308 (71.79%) -- Ticket Income $430,800.00
Level 2 -- Attendance: 3714 (74.29%) -- Ticket Income $222,840.00
Level 3 -- Attendance: 1551 (75.17%) -- Ticket Income $54,285.00
Level 4 -- Attendance: 3597 (89.93%) -- Ticket Income $71,940.00
Luxury Box -- Attendance: 722 (72.15%) -- Ticket Income $144,400.00
Game was played at the Xcel Energy Center
Total Attendance: 13892 (76.90%)
Total Ticket Income: $983,012.60
Other Income: $49,416.30
Total Income: $1,032,429.00


Play by Play

Period #1

0:01 of 1st period - Pavol Demitra wins face-off versus Pavel Datsyuk in neutral zone.
0:23 of 1st period - Marian Gaborik is hit by Paul Mara and loses puck.
0:33 of 1st period - Shot by Brian Rolston.
0:33 of 1st period - Stopped by Alexander Auld with a rebound.
0:36 of 1st period - Shot by Marian Gaborik.
0:36 of 1st period - Goal by Marian Gaborik.
0:37 of 1st period - Patrice Bergeron wins face-off versus Rod Brind'Amour in neutral zone.
0:39 of 1st period - Minor Penalty to Zdeno Chara for High sticking.
0:40 of 1st period - Rod Brind'Amour wins face-off versus Wayne Primeau in Wild zone.
0:42 of 1st period - Icing by Kyle Calder.
0:43 of 1st period - Rod Brind'Amour wins face-off versus Wayne Primeau in Wild zone.
1:06 of 1st period - Shot by Rod Brind'Amour.
1:06 of 1st period - Shot Misses the Net.
1:07 of 1st period - Shot by Martin Skoula.
1:07 of 1st period - Stopped by Alexander Auld without a rebound.
1:08 of 1st period - Patrice Bergeron wins face-off versus Pavol Demitra in Bruins zone.
1:08 of 1st period - Glen Murray is hit by Pavol Demitra and loses puck.
2:33 of 1st period - Icing by Keith Carney.
2:34 of 1st period - Rod Brind'Amour wins face-off versus Pavel Datsyuk in Wild zone.
2:45 of 1st period - Shot by Sean Avery.
2:45 of 1st period - Shot Hit the Post.
3:00 of 1st period - Shot by Pascal Dupuis.
3:00 of 1st period - Stopped by Alexander Auld without a rebound.
3:00 of 1st period - Minor Penalty to Zdeno Chara for Hooking.
3:01 of 1st period - Patrice Bergeron wins face-off versus Pavol Demitra in Bruins zone.
3:02 of 1st period - Patrice Bergeron wins face-off versus Pavol Demitra in Bruins zone.
3:23 of 1st period - Shot by Brian Rolston.
3:23 of 1st period - Stopped by Alexander Auld with a rebound.
3:24 of 1st period - Shot by Lubomir Visnovsky.
3:24 of 1st period - Shot Misses the Net.
3:35 of 1st period - Shot by Pavol Demitra.
3:35 of 1st period - Shot Misses the Net.
3:40 of 1st period - Shot by Marian Gaborik.
3:40 of 1st period - Shot Misses the Net.
3:57 of 1st period - Shot by Kyle Calder.
3:57 of 1st period - Stopped by Alexander Auld without a rebound.
3:58 of 1st period - Kyle Calder wins face-off versus Wayne Primeau in Bruins zone.
4:07 of 1st period - Shot by Martin Skoula.
4:07 of 1st period - Stopped by Alexander Auld without a rebound.
4:08 of 1st period - Wayne Primeau wins face-off versus Rod Brind'Amour in Bruins zone.
5:10 of 1st period - Icing by Zdeno Chara.
5:11 of 1st period - Sean Avery wins face-off versus Wes Walz in Bruins zone.
5:59 of 1st period - Icing by Mikael Samuelsson.
6:00 of 1st period - Wes Walz wins face-off versus Pavel Datsyuk in Wild zone.
6:23 of 1st period - Shot by Rod Brind'Amour.
6:23 of 1st period - Stopped by Alexander Auld without a rebound.
6:24 of 1st period - Todd White wins face-off versus Patrice Bergeron in Bruins zone.
6:41 of 1st period - Shot by Patrice Bergeron.
6:41 of 1st period - Shot Hit the Post.
6:44 of 1st period - Shot by Marco Sturm.
6:44 of 1st period - Shot Misses the Net.
6:45 of 1st period - Shot by Rostislav Klesla.
6:45 of 1st period - Stopped by Manny Fernandez without a rebound.
6:46 of 1st period - Rod Brind'Amour wins face-off versus Brad Boyes in Wild zone.
6:54 of 1st period - Icing by Brian Leetch.
6:55 of 1st period - Pavel Datsyuk wins face-off versus Rod Brind'Amour in Bruins zone.
7:09 of 1st period - Icing by Paul Mara.
7:10 of 1st period - Todd White wins face-off versus Pavel Datsyuk in Bruins zone.
7:14 of 1st period - Icing by Paul Mara.
7:15 of 1st period - Todd White wins face-off versus Pavel Datsyuk in Bruins zone.
7:24 of 1st period - Shot by Darryl Sydor.
7:24 of 1st period - Stopped by Alexander Auld without a rebound.
7:25 of 1st period - Patrice Bergeron wins face-off versus Pavol Demitra in Bruins zone.
7:27 of 1st period - Icing by Glen Murray.
7:28 of 1st period - Patrice Bergeron wins face-off versus Pavol Demitra in Bruins zone.
7:34 of 1st period - Marco Sturm is hit by Nick Schultz and loses puck.
7:35 of 1st period - Minor Penalty to Pavol Demitra for Charging.
7:36 of 1st period - Patrice Bergeron wins face-off versus Marian Gaborik in neutral zone.
7:38 of 1st period - Off-side.
7:39 of 1st period - Patrice Bergeron wins face-off versus Marian Gaborik in neutral zone.
7:52 of 1st period - Shot by Patrice Bergeron.
7:52 of 1st period - Shot Misses the Net.
7:53 of 1st period - Shot by Paul Mara.
7:53 of 1st period - Stopped by Manny Fernandez without a rebound.
7:54 of 1st period - Marian Gaborik wins face-off versus Pavel Datsyuk in Wild zone.
8:58 of 1st period - Icing by Paul Mara.
8:59 of 1st period - Patrice Bergeron wins face-off versus Rod Brind'Amour in Bruins zone.
9:35 of 1st period - Off-side.
9:36 of 1st period - Todd White wins face-off versus Shean Donovan in neutral zone.
9:39 of 1st period - Shot by Pierre-Marc Bouchard.
9:39 of 1st period - Stopped by Alexander Auld without a rebound.
9:40 of 1st period - Todd White wins face-off versus Sean Avery in Bruins zone.
10:00 of 1st period - Icing by Darryl Sydor.
10:01 of 1st period - Wayne Primeau wins face-off versus Todd White in Wild zone.
10:34 of 1st period - Shot by Alex Zhamnov.
10:34 of 1st period - Goal by Alex Zhamnov.
10:35 of 1st period - Pavol Demitra wins face-off versus Sean Avery in neutral zone.
11:02 of 1st period - Shot by Shean Donovan.
11:02 of 1st period - Goal by Shean Donovan.
11:03 of 1st period - Rod Brind'Amour wins face-off versus Patrice Bergeron in neutral zone.
11:13 of 1st period - Minor Penalty to Martin Skoula for Elbowing.
11:14 of 1st period - Patrice Bergeron wins face-off versus Marian Gaborik in Bruins zone.
11:30 of 1st period - Off-side.
11:31 of 1st period - Pavel Datsyuk wins face-off versus Marian Gaborik in neutral zone.
11:53 of 1st period - Icing by Zdeno Chara.
11:54 of 1st period - Pavel Datsyuk wins face-off versus Pavol Demitra in Bruins zone.
12:46 of 1st period - Icing by Marco Sturm.
12:47 of 1st period - Marian Gaborik wins face-off versus Patrice Bergeron in Bruins zone.
12:47 of 1st period - Rod Brind'Amour is hit by Paul Mara and loses puck.
13:45 of 1st period - Shot by Todd White.
13:45 of 1st period - Stopped by Alexander Auld with a rebound.
14:15 of 1st period - Off-side.
14:16 of 1st period - Rod Brind'Amour wins face-off versus Pavel Datsyuk in neutral zone.
14:43 of 1st period - Shot by Pavel Datsyuk.
14:43 of 1st period - Shot Misses the Net.
15:46 of 1st period - Shot by Brian Rolston.
15:46 of 1st period - Stopped by Alexander Auld with a rebound.
16:31 of 1st period - Shot by P.J. Axelsson.
16:31 of 1st period - Shot Hit the Post.
17:14 of 1st period - Shot by Brad Boyes.
17:14 of 1st period - Stopped by Manny Fernandez without a rebound.
17:15 of 1st period - Wayne Primeau wins face-off versus Todd White in Wild zone.
17:28 of 1st period - Shot by Todd White.
17:28 of 1st period - Stopped by Alexander Auld without a rebound.
17:29 of 1st period - Pavel Datsyuk wins face-off versus Rod Brind'Amour in Bruins zone.
17:36 of 1st period - Shot by Brad Boyes.
17:36 of 1st period - Shot Misses the Net.
17:55 of 1st period - Shot by Rod Brind'Amour.
17:55 of 1st period - Shot Misses the Net.
17:59 of 1st period - Alexandre Daigle is hit by Rick Nash and loses puck.
18:47 of 1st period - Shot by Pierre-Marc Bouchard.
18:47 of 1st period - Shot Misses the Net.
18:48 of 1st period - Shot by Todd White.
18:48 of 1st period - Stopped by Alexander Auld without a rebound.
18:49 of 1st period - Patrice Bergeron wins face-off versus Rod Brind'Amour in Bruins zone.
19:02 of 1st period - Shot by Patrice Bergeron.
19:02 of 1st period - Shot Misses the Net.
19:07 of 1st period - Shot by Patrice Bergeron.
19:07 of 1st period - Stopped by Manny Fernandez without a rebound.
19:08 of 1st period - Alexandre Daigle wins face-off versus Sean Avery in Wild zone.
19:21 of 1st period - Shot by Mikael Samuelsson.
19:21 of 1st period - Stopped by Alexander Auld with a rebound.
19:43 of 1st period - Lubomir Visnovsky is hit by Shean Donovan and loses puck.

Period #2

0:01 of 2nd period - Pavol Demitra wins face-off versus Pavel Datsyuk in neutral zone.
0:07 of 2nd period - Marian Gaborik is hit by Brian Leetch and loses puck.
0:13 of 2nd period - Shot by Brian Rolston.
0:13 of 2nd period - Stopped by Alexander Auld without a rebound.
0:14 of 2nd period - Rod Brind'Amour wins face-off versus Patrice Bergeron in Bruins zone.
0:30 of 2nd period - Minor Penalty to Rod Brind'Amour for Interference.
0:31 of 2nd period - Pavol Demitra wins face-off versus Pavel Datsyuk in Bruins zone.
1:34 of 2nd period - Shot by Brad Boyes.
1:34 of 2nd period - Goal by Brad Boyes.
1:35 of 2nd period - Sean Avery wins face-off versus Todd White in neutral zone.
2:06 of 2nd period - Shot by Jiri Slegr.
2:06 of 2nd period - Shot Misses the Net.
2:35 of 2nd period - Shot by Alexandre Daigle.
2:35 of 2nd period - Shot Misses the Net.
2:36 of 2nd period - Shot by Keith Carney.
2:36 of 2nd period - Shot Misses the Net.
2:41 of 2nd period - Shot by Alexandre Daigle.
2:41 of 2nd period - Stopped by Alexander Auld with a rebound.
2:42 of 2nd period - Shot by Keith Carney.
2:42 of 2nd period - Shot Blocked by Paul Mara.
2:43 of 2nd period - Shot by Keith Carney.
2:43 of 2nd period - Stopped by Alexander Auld without a rebound.
2:44 of 2nd period - Pavol Demitra wins face-off versus Glen Murray in Bruins zone.
3:17 of 2nd period - Shot by Patrice Bergeron.
3:17 of 2nd period - Shot Blocked by Lubomir Visnovsky.
3:22 of 2nd period - Shot by Patrice Bergeron.
3:22 of 2nd period - Shot Misses the Net.
3:51 of 2nd period - Shot by Rick Nash.
3:51 of 2nd period - Stopped by Manny Fernandez with a rebound.
4:00 of 2nd period - Shot by Brad Boyes.
4:00 of 2nd period - Stopped by Manny Fernandez with a rebound.
4:39 of 2nd period - Shot by Kyle Calder.
4:39 of 2nd period - Shot Blocked by Jay McKee.
4:42 of 2nd period - Shot by Kyle Calder.
4:42 of 2nd period - Goal by Alexandre Daigle.
4:43 of 2nd period - Todd White wins face-off versus Wayne Primeau in neutral zone.
4:46 of 2nd period - Shot by Pierre-Marc Bouchard.
4:46 of 2nd period - Goal by Pierre-Marc Bouchard.
4:47 of 2nd period - Patrice Bergeron wins face-off versus Pascal Dupuis in neutral zone.
5:18 of 2nd period - Shot by Patrice Bergeron.
5:18 of 2nd period - Shot Misses the Net.
5:41 of 2nd period - Shot by Pavel Datsyuk.
5:41 of 2nd period - Shot Misses the Net.
6:11 of 2nd period - Rod Brind'Amour is hit by Sean Avery and loses puck.
6:16 of 2nd period - Off-side.
6:17 of 2nd period - Sean Avery wins face-off versus Wes Walz in neutral zone.
6:34 of 2nd period - Shot by Sean Avery.
6:34 of 2nd period - Stopped by Manny Fernandez without a rebound.
6:35 of 2nd period - Todd White wins face-off versus Patrice Bergeron in Wild zone.
7:50 of 2nd period - Shot by Marian Gaborik.
7:50 of 2nd period - Stopped by Alexander Auld without a rebound.
7:51 of 2nd period - Rod Brind'Amour wins face-off versus Pavel Datsyuk in Bruins zone.
7:52 of 2nd period - Shot by Alexandre Daigle.
7:52 of 2nd period - Shot Blocked by Paul Mara.
8:03 of 2nd period - Shot by Rick Nash.
8:03 of 2nd period - Stopped by Manny Fernandez without a rebound.
8:04 of 2nd period - Rod Brind'Amour wins face-off versus Wayne Primeau in Wild zone.
8:11 of 2nd period - Shot by Alexandre Daigle.
8:11 of 2nd period - Shot Misses the Net.
8:47 of 2nd period - Off-side.
8:48 of 2nd period - Pavol Demitra wins face-off versus Rick Nash in neutral zone.
9:09 of 2nd period - Shot by Marian Gaborik.
9:09 of 2nd period - Shot Misses the Net.
9:11 of 2nd period - Icing by Paul Mara.
9:12 of 2nd period - Pavel Datsyuk wins face-off versus Todd White in Bruins zone.
10:35 of 2nd period - Shot by Marian Gaborik.
10:35 of 2nd period - Stopped by Alexander Auld without a rebound.
10:36 of 2nd period - Rod Brind'Amour wins face-off versus Wayne Primeau in Bruins zone.
10:38 of 2nd period - Alexandre Daigle is hit by Kirk Maltby and loses puck.
10:52 of 2nd period - Shot by Alex Zhamnov.
10:52 of 2nd period - Stopped by Manny Fernandez with a rebound.
11:18 of 2nd period - Icing by Martin Skoula.
11:19 of 2nd period - Rod Brind'Amour wins face-off versus Patrice Bergeron in Wild zone.
11:48 of 2nd period - Shot by Brian Rolston.
11:48 of 2nd period - Shot Misses the Net.
11:52 of 2nd period - Minor Penalty to Pavol Demitra for High sticking.
11:53 of 2nd period - Patrice Bergeron wins face-off versus Marian Gaborik in Bruins zone.
12:54 of 2nd period - Shot by Rick Nash.
12:54 of 2nd period - Stopped by Manny Fernandez without a rebound.
12:55 of 2nd period - Pavel Datsyuk wins face-off versus Marian Gaborik in Wild zone.
13:50 of 2nd period - Shot by Brad Boyes.
13:50 of 2nd period - Shot Blocked by Brian Rolston.
14:57 of 2nd period - Shot by Rod Brind'Amour.
14:57 of 2nd period - Shot Blocked by Shean Donovan.
15:17 of 2nd period - Icing by P.J. Axelsson.
15:18 of 2nd period - Pavol Demitra wins face-off versus Sean Avery in Bruins zone.
15:21 of 2nd period - Shot by Brian Rolston.
15:21 of 2nd period - Stopped by Alexander Auld without a rebound.
15:22 of 2nd period - Pavel Datsyuk wins face-off versus Wes Walz in Bruins zone.
15:36 of 2nd period - Off-side.
15:37 of 2nd period - Pavol Demitra wins face-off versus Patrice Bergeron in neutral zone.
15:52 of 2nd period - Shot by Patrice Bergeron.
15:52 of 2nd period - Shot Misses the Net.
15:53 of 2nd period - Shot by Rostislav Klesla.
15:53 of 2nd period - Stopped by Manny Fernandez without a rebound.
15:54 of 2nd period - Pavel Datsyuk wins face-off versus Pierre-Marc Bouchard in Wild zone.
15:54 of 2nd period - Brad Boyes is hit by Pierre-Marc Bouchard and loses puck.
16:04 of 2nd period - Shot by Pavel Datsyuk.
16:04 of 2nd period - Stopped by Manny Fernandez without a rebound.
16:05 of 2nd period - Wayne Primeau wins face-off versus Todd White in Wild zone.
16:58 of 2nd period - Shot by Patrice Bergeron.
16:58 of 2nd period - Shot Misses the Net.
17:01 of 2nd period - Shot by Glen Murray.
17:01 of 2nd period - Shot Blocked by Martin Skoula.
17:02 of 2nd period - Shot by Patrice Bergeron.
17:02 of 2nd period - Shot Misses the Net.
17:03 of 2nd period - Shot by Patrice Bergeron.
17:03 of 2nd period - Stopped by Manny Fernandez with a rebound.
17:06 of 2nd period - Shot by Marco Sturm.
17:06 of 2nd period - Shot Blocked by Keith Carney.
17:09 of 2nd period - Shot by Glen Murray.
17:09 of 2nd period - Stopped by Manny Fernandez without a rebound.
17:10 of 2nd period - Pavol Demitra wins face-off versus Pavel Datsyuk in Wild zone.
17:21 of 2nd period - Shot by Marian Gaborik.
17:21 of 2nd period - Stopped by Alexander Auld without a rebound.
17:22 of 2nd period - Sean Avery wins face-off versus Kyle Calder in Bruins zone.
18:13 of 2nd period - Shot by Pavel Datsyuk.
18:13 of 2nd period - Shot Blocked by Pavol Demitra.
18:18 of 2nd period - Shot by Brad Boyes.
18:18 of 2nd period - Shot Misses the Net.
18:24 of 2nd period - Off-side.
18:25 of 2nd period - Wes Walz wins face-off versus Patrice Bergeron in neutral zone.
18:38 of 2nd period - Shot by Mikael Samuelsson.
18:38 of 2nd period - Shot Blocked by Rostislav Klesla.
18:39 of 2nd period - Shot by Darryl Sydor.
18:39 of 2nd period - Shot Misses the Net.
18:44 of 2nd period - Shot by Brian Rolston.
18:44 of 2nd period - Shot Blocked by Patrice Bergeron.
18:45 of 2nd period - Shot by Wes Walz.
18:45 of 2nd period - Stopped by Alexander Auld with a rebound.
18:58 of 2nd period - Shot by Brian Rolston.
18:58 of 2nd period - Stopped by Alexander Auld without a rebound.
18:58 of 2nd period - Minor Penalty to Zdeno Chara for Boarding.
18:59 of 2nd period - Wayne Primeau wins face-off versus Rod Brind'Amour in Bruins zone.
19:00 of 2nd period - Rod Brind'Amour wins face-off versus Wayne Primeau in Bruins zone.
19:18 of 2nd period - Icing by Keith Carney.
19:19 of 2nd period - Rod Brind'Amour wins face-off versus Wayne Primeau in Wild zone.

Period #3

0:01 of 3rd period - Pavol Demitra wins face-off versus Wayne Primeau in neutral zone.
0:18 of 3rd period - Shot by Marian Gaborik.
0:18 of 3rd period - Shot Misses the Net.
0:19 of 3rd period - Shot by Marian Gaborik.
0:19 of 3rd period - Stopped by Alexander Auld without a rebound.
0:20 of 3rd period - Patrice Bergeron wins face-off versus Rod Brind'Amour in Bruins zone.
0:45 of 3rd period - Shot by Kyle Calder.
0:45 of 3rd period - Shot Misses the Net.
0:46 of 3rd period - Shot by Martin Skoula.
0:46 of 3rd period - Stopped by Alexander Auld with a rebound.
0:49 of 3rd period - Shot by Kyle Calder.
0:49 of 3rd period - Stopped by Alexander Auld without a rebound.
0:50 of 3rd period - Pavol Demitra wins face-off versus Patrice Bergeron in Bruins zone.
2:15 of 3rd period - Shot by Marian Gaborik.
2:15 of 3rd period - Shot Misses the Net.
2:16 of 3rd period - Shot by Nick Schultz.
2:16 of 3rd period - Shot Misses the Net.
2:19 of 3rd period - Shot by Pavol Demitra.
2:19 of 3rd period - Stopped by Alexander Auld without a rebound.
2:20 of 3rd period - Patrice Bergeron wins face-off versus Rod Brind'Amour in Bruins zone.
2:45 of 3rd period - Shot by Rod Brind'Amour.
2:45 of 3rd period - Shot Misses the Net.
2:48 of 3rd period - Shot by Alexandre Daigle.
2:48 of 3rd period - Stopped by Alexander Auld without a rebound.
2:49 of 3rd period - Wes Walz wins face-off versus Sean Avery in Bruins zone.
2:52 of 3rd period - Shot by Brian Rolston.
2:52 of 3rd period - Shot Misses the Net.
3:05 of 3rd period - Shot by Shean Donovan.
3:05 of 3rd period - Shot Misses the Net.
3:06 of 3rd period - Shot by Jiri Slegr.
3:06 of 3rd period - Stopped by Manny Fernandez with a rebound.
3:10 of 3rd period - Major Penalty to Jay McKee for Checking from behind.
3:11 of 3rd period - Rod Brind'Amour wins face-off versus Wayne Primeau in neutral zone.
3:44 of 3rd period - Shot by Kyle Calder.
3:44 of 3rd period - Shot Misses the Net.
4:33 of 3rd period - Shot by Patrice Bergeron.
4:33 of 3rd period - Stopped by Manny Fernandez without a rebound.
4:34 of 3rd period - Pavol Demitra wins face-off versus Wayne Primeau in Wild zone.
4:52 of 3rd period - Icing by Lubomir Visnovsky.
4:53 of 3rd period - Pavol Demitra wins face-off versus Patrice Bergeron in Wild zone.
4:57 of 3rd period - Off-side.
4:58 of 3rd period - Wayne Primeau wins face-off versus Pavol Demitra in neutral zone.
5:05 of 3rd period - Shot by Patrice Bergeron.
5:05 of 3rd period - Stopped by Manny Fernandez without a rebound.
5:06 of 3rd period - Rick Nash wins face-off versus Rod Brind'Amour in Wild zone.
5:31 of 3rd period - Shot by Kyle Calder.
5:31 of 3rd period - Shot Misses the Net.
6:27 of 3rd period - Icing by Pascal Dupuis.
6:28 of 3rd period - Todd White wins face-off versus Pavel Datsyuk in Wild zone.
6:53 of 3rd period - Shot by Todd White.
6:53 of 3rd period - Stopped by Alexander Auld without a rebound.
6:54 of 3rd period - Pavel Datsyuk wins face-off versus Pavol Demitra in Bruins zone.
8:20 of 3rd period - Minor Penalty to Eric Brewer for Interference.
8:21 of 3rd period - Patrice Bergeron wins face-off versus Kyle Calder in Wild zone.
8:30 of 3rd period - Shot by Marco Sturm.
8:30 of 3rd period - Shot Blocked by Rod Brind'Amour.
8:33 of 3rd period - Shot by Marco Sturm.
8:33 of 3rd period - Shot Misses the Net.
8:36 of 3rd period - Shot by Marco Sturm.
8:36 of 3rd period - Goal by Marco Sturm.
8:37 of 3rd period - Todd White wins face-off versus Shean Donovan in neutral zone.
8:47 of 3rd period - Shean Donovan is hit by Eric Brewer and loses puck.
9:16 of 3rd period - Minor Penalty to Kirk Maltby for Delaying the game.
9:17 of 3rd period - Patrice Bergeron wins face-off versus Rod Brind'Amour in Wild zone.
9:44 of 3rd period - Shot by Kyle Calder.
9:44 of 3rd period - Stopped by Alexander Auld without a rebound.
9:45 of 3rd period - Rick Nash wins face-off versus Pavol Demitra in Bruins zone.
11:17 of 3rd period - Paul Mara is hit by Eric Brewer and loses puck.
11:43 of 3rd period - Shot by Sean Avery.
11:43 of 3rd period - Shot Misses the Net.
11:46 of 3rd period - Shot by Shean Donovan.
11:46 of 3rd period - Shot Misses the Net.
11:46 of 3rd period - Minor Penalty to Eric Brewer for Charging.
11:47 of 3rd period - Pavel Datsyuk wins face-off versus Pavol Demitra in Wild zone.
13:19 of 3rd period - Icing by Zdeno Chara.
13:20 of 3rd period - Marian Gaborik wins face-off versus Pavel Datsyuk in Bruins zone.
13:21 of 3rd period - Shot by Rod Brind'Amour.
13:21 of 3rd period - Stopped by Alexander Auld without a rebound.
13:22 of 3rd period - Patrice Bergeron wins face-off versus Marian Gaborik in Bruins zone.
13:24 of 3rd period - Icing by Marco Sturm.
13:25 of 3rd period - Kyle Calder wins face-off versus Brad Boyes in Bruins zone.
13:35 of 3rd period - Icing by Marco Sturm.
13:36 of 3rd period - Marian Gaborik wins face-off versus Patrice Bergeron in Bruins zone.
13:52 of 3rd period - Icing by Shean Donovan.
13:53 of 3rd period - Todd White wins face-off versus Sean Avery in Bruins zone.
13:58 of 3rd period - Shot by Pierre-Marc Bouchard.
13:58 of 3rd period - Shot Blocked by Jiri Slegr.
14:20 of 3rd period - Icing by P.J. Axelsson.
14:21 of 3rd period - P.J. Axelsson wins face-off versus Pavol Demitra in Bruins zone.
14:21 of 3rd period - Minor Penalty to Marian Gaborik for Clipping.
14:22 of 3rd period - Pavol Demitra wins face-off versus Pavel Datsyuk in Bruins zone.
15:33 of 3rd period - Shot by Marco Sturm.
15:33 of 3rd period - Stopped by Manny Fernandez without a rebound.
15:34 of 3rd period - Pavol Demitra wins face-off versus Patrice Bergeron in Wild zone.
16:27 of 3rd period - Shot by Sean Avery.
16:27 of 3rd period - Shot Blocked by Eric Brewer.
16:42 of 3rd period - Shot by Todd White.
16:42 of 3rd period - Stopped by Alexander Auld without a rebound.
16:43 of 3rd period - Wes Walz wins face-off versus Wayne Primeau in Bruins zone.
17:02 of 3rd period - Shot by Wayne Primeau.
17:02 of 3rd period - Stopped by Manny Fernandez without a rebound.
17:03 of 3rd period - Rod Brind'Amour wins face-off versus Sean Avery in Wild zone.
18:07 of 3rd period - Todd White is hit by Zdeno Chara and loses puck.
18:19 of 3rd period - Shot by Pascal Dupuis.
18:19 of 3rd period - Stopped by Alexander Auld without a rebound.
18:20 of 3rd period - Pavol Demitra wins face-off versus Pavel Datsyuk in Bruins zone.
18:23 of 3rd period - Shot by Marian Gaborik.
18:23 of 3rd period - Shot Blocked by Paul Mara.
18:24 of 3rd period - Shot by Lubomir Visnovsky.
18:24 of 3rd period - Stopped by Alexander Auld without a rebound.
18:25 of 3rd period - Pavel Datsyuk wins face-off versus Pavol Demitra in Bruins zone.
18:42 of 3rd period - Shot by Marian Gaborik.
18:42 of 3rd period - Shot Blocked by Brian Leetch.
18:43 of 3rd period - Shot by Lubomir Visnovsky.
18:43 of 3rd period - Goal by Lubomir Visnovsky.
18:44 of 3rd period - Wes Walz wins face-off versus Patrice Bergeron in neutral zone.
19:07 of 3rd period - Shot by Marco Sturm.
19:07 of 3rd period - Stopped by Manny Fernandez without a rebound.
19:08 of 3rd period - Rod Brind'Amour wins face-off versus Sean Avery in Wild zone.
19:33 of 3rd period - Shot by Martin Skoula.
19:33 of 3rd period - Stopped by Alexander Auld with a rebound.

Overtime #1

0:01 of 1st overtime period - Pavol Demitra wins face-off versus Patrice Bergeron in neutral zone.
1:48 of 1st overtime period - Shot by Brian Leetch.
1:48 of 1st overtime period - Shot Hit the Post.
1:53 of 1st overtime period - Shot by Rick Nash.
1:53 of 1st overtime period - Stopped by Manny Fernandez without a rebound.
1:54 of 1st overtime period - Pavel Datsyuk wins face-off versus Pavol Demitra in Wild zone.
2:01 of 1st overtime period - Shot by Brian Rolston.
2:01 of 1st overtime period - Shot Misses the Net.
2:02 of 1st overtime period - Shot by Pavol Demitra.
2:02 of 1st overtime period - Stopped by Alexander Auld without a rebound.
2:03 of 1st overtime period - Patrice Bergeron wins face-off versus Pavol Demitra in Bruins zone.
2:52 of 1st overtime period - Shot by Rod Brind'Amour.
2:52 of 1st overtime period - Shot Misses the Net.
3:08 of 1st overtime period - Off-side.
3:09 of 1st overtime period - Kyle Calder wins face-off versus Pavel Datsyuk in neutral zone.
4:08 of 1st overtime period - Shot by Brad Boyes.
4:08 of 1st overtime period - Shot Misses the Net.

ShootOut

ShootOut - Penalty Shot by Pavel Datsyuk for Bruins.
ShootOut - Stopped by Manny Fernandez.
ShootOut - Penalty Shot by Pavol Demitra for Wild.
ShootOut - Stopped by Alexander Auld.
ShootOut - Penalty Shot by Patrice Bergeron for Bruins.
ShootOut - Shot Misses the Net.
ShootOut - Penalty Shot by Brian Rolston for Wild.
ShootOut - Stopped by Alexander Auld.
ShootOut - Penalty Shot by Rick Nash for Bruins.
ShootOut - Stopped by Manny Fernandez.
ShootOut - Penalty Shot by Marian Gaborik for Wild.
ShootOut - Goal by Marian Gaborik.


Output by the SimonT Hockey Simulator (STHS) for Stephane Roy -- Original Page W3C XHTML 1.0 Valid